 Dungeon Sprint DCSS version 0.31.0-1-g2c135a0 (webtiles) character file.

Game seed: 11525064991920521328

3586 PurpleRed the Devastator (level 9, 0/55 HPs)
             Began as a Deep Elf Conjurer on Mar 8, 2024.
             Was a High Priest of Sif Muna.
             Killed from afar by a crystal guardian (10 damage)
             ... with a crystal bolt
             ... in the Dungeon (Sprint II: "The Violet Keep of Menkaure").
             The game lasted 00:12:47 (1382 turns).

PurpleRed the Devastator (Deep Elf Conjurer)        Turns: 1382, Time: 00:12:49

Health: 0/55       AC:  2    Str:  4    XL:     9   Next: 85%
Magic:  28/39      EV: 12    Int: 31    God:    Sif Muna [*****.]
Gold:   229        SH:  0    Dex: 13    Spells: 27/38 levels left

rFire   + . .        (no weapon)
rCold   x . .        (no shield)
rNeg    + . .        a - +0 robe
rPois   +            (no helmet)
rElec   .            (no cloak)
rCorr   .            (no gloves)
SInv    .            (no boots)
Will    .....        (no amulet)
Stlth   ++           e - ring of magical power
HPRegen 0.29/turn    f - ring "Fehuk" {Fire *Corrode rPois rN+ Int+3}
MPRegen 0.26/turn

%: no teleportation, corrode self (3%)
@: no status effects
A: no striking features
a: Renounce Religion, Channel Magic, Forget Spell, Divine Exegesis


You were in the Dungeon.
You worshipped Sif Muna.
Sif Muna was extremely pleased with you.
You visited 1 branch You collected 1053 gold pieces.
You spent 824 gold pieces at shops.

Inventory:

Armour
 a - a +0 robe (worn)
Jewellery
 e - a ring of magical power (left hand)
 f - the ring "Fehuk" (right hand) {Fire *Corrode rPois rN+ Int+3}
   (You bought it in a shop in the Dungeon)

   [ring of fire]

   Fire:      It enhances your fire magic.
   Int+3:     It affects your intelligence (+3).
   rF+:       It protects you from fire.
   rC-:       It makes you vulnerable to cold.
   rPois:     It protects you from poison rN+: It protects you from negative
   energy.
   *Corrode:  It may corrode you when you take damage.
Potions
 b - 2 potions of magic


   Skills:
 + Level 6.0 Fighting
 - Level 2.4 Dodging
 - Level 2.4 Stealth
 + Level 15.3 Spellcasting
 * Level 18.3 Conjurations
 - Level 4.0 Translocations
 - Level 4.0 Alchemy
 - Level 6.0 Invocations


You had 27 spell levels left.
You knew the following spells:

 Your Spells              Type           Power      Damage    Failure   Level
a - Magic Dart            Conj           100%       1d8       0%          1
b - Searing Ray           Conj           100%       2d8       0%          2
c - Fulminant Prism       Conj/Alch      37%        3d18      1%          4
d - Iskenderun's Mystic   Conj/Tloc      75%        2d15      1%          4

Your spell library contained the following spells:

 Spells                   Type           Power      Damage    Failure   Level


Dungeon Overview and Level Annotations

Branches:
Dungeon (1/1)

Altars:
Cheibriados
Dithmenos
Elyvilon
Fedhas
Gozag
Hepliaklqana
Kikubaaqudgha
Makhleb
Nemelex Xobeh
Okawaru
Qazlal
Ru
Sif Muna
Trog
Uskayaw
Vehumet
Wu Jian
Xom
Yredelemnul
Zin
The Shining One
Jiyva
Lugonu

Shops:
D !:[[?=(::[?(!(=

Annotations:
D exclusion: oklob plant


Message History

Casting: Fulminant Prism (safe; 1% risk of failure)
Confirm with . or Enter, or press ? or * to list all spells.
Aiming: Fulminant Prism (safe; 1% risk of failure)
Press: ? - help, Dir - move target You conjure a prism of explosive energy!
A fulminant prism comes into view.
Your fulminant prism crackles loudly.
The crystal guardian fires a crystalline bolt at you.
The crystal bolt burns you. You resist.
Your fulminant prism explodes!
The blast of energy engulfs the crystal guardian!
The crystal guardian is moderately damaged.
The crystal guardian fires a crystalline bolt at you.
The crystal bolt burns you!! You resist.
* * * LOW HITPOINT WARNING * * *
There is a broken door here.
Okay, then.
Casting: Fulminant Prism (safe; 1% risk of failure)
Confirm with . or Enter, or press ? or * to list all spells.
Aiming: Fulminant Prism (safe; 1% risk of failure)
Press: ? - help, Dir - move target You conjure a prism of explosive energy!
A fulminant prism comes into view.
You hear a loud crackle.
You hear an explosion!
There is an open door here.
You enter the shallow water.
Moving in this stuff is going to be slow.
There is an open door here.
There is an entrance to Asuibig's Jewellery Shop here.
Casting: Fulminant Prism (safe; 1% risk of failure)
Confirm with . or Enter, or press ? or * to list all spells.
Aiming: Fulminant Prism (safe; 1% risk of failure)
Press: ? - help, Dir - move target You conjure a prism of explosive energy!
The wyvern hisses angrily.
A fulminant prism comes into view.
The crystal guardian fires a crystalline bolt at you.
The crystal bolt burns you! You resist.
You die...

###########~~~... ..
##........#~~~~.##+ ..
##...⌠....#~~~~##.# ##.###
##..∩.∩...#~~~~#.###.# ...
##.∩.∩.∩..#~~####.#.####..
##..∩.∩.∩.#*##.###'# #.##.
##.∩...∩.∩#~##..##.###..#.
##∩.....∩.'§9##*'.<†9.##'.
##.......@#~#.#.##.###..#.
#▓▓▓▓▓▓▓###~##.###'# #.##.
##(..######~~####..#####~~
#[h.#h ##~~~#..##.#~~~§


#kPk+$h #'#~##.#.##~~~~ #%.$#!## #)#~~##'##~~~≈≈ #([.###§ ####~~~~~~~~~§≈
#+++#+++#~≈≈ ≈SSS≈≈##§§ You could see a crystal guardian (ally target), a hell
hog (wandering), a wyvern (wandering) and a friendly fulminant prism.

Vanquished Creatures
  2 death drakes (D)
  A yaktaur (D)
  A hornet (D)
  3 polar bears (D)
  A blink frog (D)
  2 wyverns (D)
  4 neqoxecs (D)
  Menkaure (D)
  2 swamp drakes (D)
  4 scorpions (D)
  3 ribbon worms (D)
24 creatures vanquished.

Vanquished Creatures (others)
  A crocodile (D)
  25 fulminant prisms (D)
26 creatures vanquished.

Grand Total: 50 creatures vanquished

Notes
Turn   | Place    | Note
-------+----------+-------------------------------------------
     0 | D        | PurpleRed the Deep Elf Conjurer began the quest for the
                  | Orb.
     0 | D        | Reached XP level 1. HP: 10/10 MP: 6/6
     2 | D        | Noticed a scorpion
     2 | D        | Noticed a scorpion
     4 | D        | Noticed a scorpion
    12 | D        | Killed a scorpion
    13 | D        | Reached skill level 8 in Conjurations
    13 | D        | Reached XP level 2. HP: 15/15 MP: 0/11
    13 | D        | Reached XP level 3. HP: 19/19 MP: 0/12
   109 | D        | Learned a level 2 spell: Searing Ray
   109 | D        | Noticed a scorpion
   113 | D        | Killed a scorpion
   114 | D        | Reached skill level 9 in Conjurations
   114 | D        | Reached XP level 4. HP: 20/24 MP: 8/15
   115 | D        | Killed a scorpion
   116 | D        | Reached skill level 10 in Conjurations
   116 | D        | Reached XP level 5. HP: 16/28 MP: 5/18
   119 | D        | Reached skill level 11 in Conjurations
   212 | D        | Killed a crocodile
   235 | D        | Learned a level 4 spell: Fulminant Prism
   240 | D        | Learned a level 4 spell: Iskenderun's Mystic Blast
   243 | D        | Found a glowing silver altar of Zin.
   244 | D        | Found a glowing golden altar of the Shining One.
   244 | D        | Found a basalt altar of Yredelemnul.
   244 | D        | Found a hide-covered altar of Uskayaw.
   244 | D        | Found a radiant altar of Vehumet.
   245 | D        | Found a shimmering altar of Xom.
   245 | D        | Found a bloodstained altar of Trog.
   245 | D        | Found a burning altar of Makhleb.
   246 | D        | Found an ornate altar of the Wu Jian Council.
   246 | D        | Found a shimmering blue altar of Sif Muna.
   246 | D        | Found a corrupted altar of Lugonu.
   247 | D        | Found a sacrificial altar of Ru.
   247 | D        | Found an ancient bone altar of Kikubaaqudgha.
   247 | D        | Found a white marble altar of Elyvilon.
   248 | D        | Found a stormy altar of Qazlal.
   248 | D        | Found a viscous altar of Jiyva.
   248 | D        | Found a shadowy altar of Dithmenos.
   249 | D        | Found a hazy altar of Hepliaklqana.
   249 | D        | Found a snail-covered altar of Cheibriados.
   251 | D        | Found a sparkling altar of Nemelex Xobeh.
   251 | D        | Found a blossoming altar of Fedhas.
   252 | D        | Found an iron altar of Okawaru.
   252 | D        | Found an opulent altar of Gozag.
   255 | D        | Noticed a crocodile
   256 | D        | Became a worshipper of Sif Muna the Loreminder
   299 | D        | Noticed a neqoxec
   299 | D        | Noticed a neqoxec
   299 | D        | Noticed a neqoxec
   299 | D        | Noticed a neqoxec
   301 | D        | Killed a neqoxec
   302 | D        | Reached skill level 10 in Spellcasting
   302 | D        | Reached skill level 12 in Conjurations
   302 | D        | Reached XP level 6. HP: 12/32 MP: 8/21
   302 | D        | Killed a neqoxec
   302 | D        | Killed a neqoxec
   302 | D        | Reached * piety under Sif Muna
   303 | D        | Reached skill level 13 in Conjurations
   303 | D        | Reached XP level 7. HP: 14/36 MP: 4/23
   306 | D        | Killed a neqoxec
   307 | D        | Reached skill level 14 in Conjurations
   386 | D        | Found Xalograu's Antique Weapon Boutique.
   386 | D        | Found Usuewev's Antique Weapon Shop.
   386 | D        | Found Teoruqy's Book Boutique.
   386 | D        | Found Nupt's Antique Armour Boutique.
   386 | D        | Found Suurph's Book Shop.
   387 | D        | Found Asuibig's Jewellery Shop.
   387 | D        | Found Jeadamp's Magic Scroll Shop.
   387 | D        | Found Aqasumm's Weapon Shop.
   388 | D        | Found Lior's Jewellery Shop.
   388 | D        | Found Evanydol's Magic Scroll Boutique.
   388 | D        | Noticed a wyvern
   389 | D        | Found Xoroh's Distillery.
   389 | D        | Noticed a wyvern
   390 | D        | Found Xoffavas's Armour Shop.
   390 | D        | Found Enaxok's Antique Armour Boutique.
   390 | D        | Noticed Menkaure
   390 | D        | Noticed a wyvern
   390 | D        | Noticed an oklob plant
   392 | D        | Found Debar's Distillery.
   392 | D        | Found Zuhelloa's Book Shoppe.
   393 | D        | Noticed a hell hog
   393 | D        | Noticed a hell hog
   393 | D        | Killed Menkaure
   393 | D        | Reached ** piety under Sif Muna
   398 | D        | Noticed a polar bear
   402 | D        | Noticed a polar bear
   418 | D        | Bought a ring of magical power for 240 gold pieces
   466 | D        | Noticed a wyvern
   466 | D        | Noticed a wyvern
   478 | D        | Killed a wyvern
   479 | D        | Reached skill level 1 in Fighting
   479 | D        | Reached skill level 15 in Conjurations
   479 | D        | Reached XP level 8. HP: 43/43 MP: 23/26
   594 | D        | Reached *** piety under Sif Muna
   640 | D        | Bought the ring "Fehuk" {Fire *Corrode rPois rN+ Int+3} for
                  | 534 gold pieces
   674 | D        | Noticed a blink frog
   678 | D        | Killed a blink frog
   744 | D        | Noticed a polar bear
   752 | D        | Killed a polar bear
   753 | D        | Reached skill level 16 in Conjurations
   858 | D        | Noticed a polar bear
   860 | D        | Noticed a yaktaur
   865 | D        | Killed a polar bear
   865 | D        | Reached **** piety under Sif Muna
   891 | D        | Noticed a hornet
   894 | D        | Killed a hornet
   895 | D        | Reached XP level 9. HP: 52/52 MP: 28/28
   979 | D        | Killed a yaktaur
   980 | D        | Reached skill level 17 in Conjurations
   980 | D        | Reached skill level 5 in Invocations
  1150 | D        | Noticed a polar bear
  1158 | D        | Killed a polar bear
  1202 | D        | Noticed a death drake
  1214 | D        | Killed a death drake
  1215 | D        | Reached skill level 5 in Fighting
  1235 | D        | Bought a potion of heal wounds for 50 gold pieces
  1264 | D        | Noticed a death drake
  1276 | D        | Killed a death drake
  1276 | D        | Reached ***** piety under Sif Muna
  1277 | D        | Reached skill level 15 in Spellcasting
  1277 | D        | Reached skill level 18 in Conjurations
  1356 | D        | Noticed a crystal guardian
  1382 | D        | Killed from afar by a crystal guardian

Illustrated notes

Levels and vault maps discovered:
D:        the_violet_keep_of_menkaure [sprint2_stairs_cluster_1,
          sprint2_shoproom, sprint2_temple, sprint2_basic_supplies,
          sprint2_obstacle_7, sprint2_obstacle_4, sprint2_obstacle_5,
          sprint2_obstacle_3, sprint2_obstacle_2, sprint2_timed_cluster_1,
          sprint2_smallroom_cluster_1, sprint2_smallroom_final_cluster_1,
          sprint2_transparent_cluster_1, sprint2_second_timed_cluster_1,
          sprint2_sniper_area_1, sprint2_heavy_combat_area_1,
          sprint2_mutation_trap_area_1, sprint2_forest_area_1,
          sprint2_light_combat_area_1, sprint2_behind_water_1,
          sprint2_near_end_vault_1]

Skill      XL: |  1  2  3  4  5  6  7  8  9 |
---------------+----------------------------+-----
Spellcasting   | 6 7 8 10 11 12 13 15 | 15.3
Conjurations   | 8 9 10 12 13 15 16 18 | 18.3
Translocations | 3 4 |  4.0
Alchemy        | 3 4 |  4.0
Fighting       | 1 4 6 |  6.0
Invocations    | 4 6 |  6.0
Dodging        | |  2.4
Stealth        | |  2.4

Action                     |  1- 3 |  4- 6 |  7- 9 || total
---------------------------+-------+-------+-------++-------
  Melee: Unarmed           |     3 |       |       ||     3
   Cast: Magic Dart        |     7 |       |       ||     7
         Searing Ray       |     1 |     2 |       ||     3
         Iskenderun's Myst |       |     3 |    18 ||    21
         Fulminant Prism   |       |       |    26 ||    26
    Use: Potion            |     2 |       |     4 ||     6
         Scroll            |       |       |     1 ||     1
 Armour: Robe              |     4 |     6 |    10 ||    20
  Dodge: Dodged            |     2 |       |     4 ||     6
